 Dungeon Crawl Stone Soup version 0.32-a0-597-g8e3e136d6a (webtiles) character file.

Game seed: 9137581837721451996

5541 backslashecho the Cleaver (level 10, -1/79 HPs)
             Began as a Coglin Berserker on Mar 2, 2024.
             Was a Priest of Trog.
             Slain by a yak (13 damage)
             ... on level 8 of the Dungeon.
             The game lasted 00:23:34 (7036 turns).

backslashecho the Cleaver (Coglin Berserker)        Turns: 7036, Time: 00:23:35

Health: -1/79      AC: 13    Str: 21    XL:     10   Next: 71%
Magic:  10/10      EV:  9    Int:  8    God:    Trog [***...]
Gold:   405        SH:  0    Dex: 16    Spells: 9/9 levels left

rFire   . . .        l - +0 war axe {Amurritum}
rCold   . . .        a - +3 dagger (speed) {Beorhtric}
rNeg    . . .        m - +0 chain mail
rPois   .            h - +1 helmet
rElec   .            (no cloak)
rCorr   .            r - +0 pair of gloves {Dex+3}
SInv    .            (no boots)
Will    .....        (amulet unavailable) Stlth
                     (ring unavailable)
HPRegen 0.33/turn    (ring unavailable)
MPRegen 0.12/turn    (no gizmo)

%: no passive effects
@: on berserk cooldown, slowed, very slow
A: off-hand wielding, slow wielding, warmup strikes, no jewellery
a: Invent Gizmo, Renounce Religion, Berserk, Trog's Hand


You were on level 8 of the Dungeon.
You worshipped Trog.
Trog was most pleased with you.
You visited 1 branch of the dungeon, and saw 8 of its levels.

You collected 405 gold pieces.

Inventory:

Hand Weapons
 a - a +3 dagger of speed (offhand) {Beorhtric}
 l - a +0 war axe (weapon) {Amurritum}
Missiles
 t - a throwing net (quivered)
Armour
 h - a +1 helmet (worn)
 m - a +0 chain mail (worn)
 r - a +0 pair of gloves of dexterity (worn)
Wands
 c - a wand of paralysis (3)
 d - a wand of warping (8)
 n - a wand of flame (21)
Scrolls
 b - 5 scrolls of blinking {unknown}
 e - 2 scrolls of amnesia {unknown}
 g - a scroll of revelation {unknown}
 i - 3 scrolls of teleportation {unknown}
 k - a scroll of fear {unknown}
 o - a scroll of immolation {unknown}
 q - 2 scrolls of identify {unknown}
 s - a scroll of noise {unknown}
 v - 3 scrolls of fog {unknown}
 w - a scroll of poison {unknown}
Potions
 f - a potion of brilliance {unknown}
 j - 2 potions of curing
 p - a potion of berserk rage {unknown}
 u - a potion of degeneration {unknown}
 x - a potion of enlightenment {unknown}


   Skills:
 + Level 7.3 Fighting
 - Level 2.0 Short Blades
 * Level 12.3 Axes
 - Level 5.0 Armour
 - Level 2.0 Dodging
 + Level 6.1 Evocations


You had 9 spell levels left.
You didn't know any spells.
Your spell library was empty.

Dungeon Overview and Level Annotations

Branches:
Dungeon (8/15)             Temple (0/1) D:7
   Lair: D:8-11

Altars:
Ashenzari
Dithmenos
Elyvilon
Gozag
Makhleb
Nemelex Xobeh
Okawaru
Sif Muna
Zin

Shops:
D:1 [([

Annotations:
D:8 exclusion: door


Innate Abilities, Weirdness & Mutations

You can wield a second weapon in your off-hand.
It takes a long time for you to wield or remove held weapons.
Your first few attacks do less damage.
You cannot equip rings or amulets.


Message History

The death yak gores you but does no damage.
An orc comes into view. It is wielding a +0 hand axe.
You barely miss the death yak with your +3 dagger of speed.
The death yak is severely wounded.
You hit the death yak with your +0 war axe.
You hit the death yak with your +3 dagger of speed.
The death yak is almost dead.
You hit the death yak with your +0 war axe.
The death yak gores you!
You take 9 damage, and have 35/115 hp.
You hit the death yak but do no damage.
The death yak is almost dead.
You barely miss the death yak with your +0 war axe.
You slash the death yak with your +0 war axe!
You kill the death yak!
Trog accepts your kill.
Your Evocations skill increases to level 5!
You hit the yak with your +3 dagger of speed.
The yak is almost dead.
You slash the yak with your +0 war axe!
You kill the yak!
Trog accepts your kill.
Your skin stops crawling.
You feel less strong-willed.
You slash the steam dragon with your +0 war axe!
The steam dragon is heavily wounded.
You hit the steam dragon but do no damage.
You barely miss the steam dragon with your +3 dagger of speed.
The steam dragon is heavily wounded.
You completely miss the steam dragon with your +0 war axe.
The steam dragon bites you but does no damage.
The steam dragon claws you but does no damage.
You slice the steam dragon with your +0 war axe!!
You kill the steam dragon!
Trog accepts your kill.
The steam dragon scales are intact enough to wear.
Your Fighting skill increases to level 7!
Your Axes skill increases to level 12!
You slice the bullfrog with your +0 war axe!!
You kill the bullfrog!
Trog accepts your kill.
You barely miss the death yak with your +3 dagger of speed.
The death yak is heavily wounded.
You barely miss the death yak with your +0 war axe.
You hit the death yak but do no damage.
The death yak is heavily wounded.
You puncture the death yak with your +3 dagger of speed!
The death yak gores you!
* * * LOW HITPOINT WARNING * * *
You take 14 damage, and have 26/118 hp.
You slice the death yak with your +0 war axe!!
The death yak is almost dead.
You puncture the death yak with your +3 dagger of speed!
You kill the death yak!
Trog accepts your kill.
You hit the bullfrog with your +3 dagger of speed.
The bullfrog is moderately wounded.
You barely miss the bullfrog with your +0 war axe.
The bullfrog hits you but does no damage.
You slash the bullfrog with your +0 war axe!
The bullfrog is heavily wounded.
You closely miss the bullfrog with your +3 dagger of speed.
The bullfrog hits you.
* * * LOW HITPOINT WARNING * * *
You take 3 damage, and have 23/118 hp.
You slash the bullfrog with your +0 war axe!
The bullfrog is almost dead.
You puncture the bullfrog with your +3 dagger of speed!
You kill the bullfrog!
Trog accepts your kill.
Your Evocations skill increases to level 6!
You puncture the yak with your +3 dagger of speed!
The yak is lightly wounded.
You slice the yak with your +0 war axe!!
You are no longer berserk.
You are exhausted.
You feel yourself slow down.
You now have 16/79 hp.
You hit the yak with your +3 dagger of speed.
The yak is almost dead.
You slash the yak with your +0 war axe!
You kill the yak!
Trog accepts your kill.
An orc comes into view. It is wielding a +0 whip.
Aiming: Paralyse
Press: ? - help, Shift-Dir - straight line, f - yak
Aim: a yak (chance to affect: 64%)
The yak suddenly stops moving!
The orc shouts!
Aiming: Paralyse
Press: ? - help, Shift-Dir - straight line, f - yak
Aim: a yak (chance to affect: 64%)
The yak struggles to resist.
The yak closely misses you. The yak gores you but does no damage.
Aiming: Paralyse
Press: ? - help, Shift-Dir - straight line, f/p - yak
Aim: a yak (chance to affect: 64%)
The yak struggles to resist.
The yak gores you!
* * * LOW HITPOINT WARNING * * *
The yak gores you!
You die... .......####.. ......##.... ....#......? ........... #.......... ###....... ......... ##......... . ....... .########.....####. .. ..yy. ........#...### #. ..# FDF

########....### #.
...##o# #ooY@.....###
#.
....#F#######.###†..###
#.
.....YY...........###
#. ......#####.o....##
#. .......#.......###
#. .......o.....### #.
...........### #.
.........###.. #.
..<....###..# #.


You could see a yak and 2 orcs.

Vanquished Creatures
  2 death yaks (D:8)
  The ghost of backslashecho the Chopper, a novice CoBe of Trog (D:5)
  Joseph (D:7)
  Jeremiah (D:6)
  Prince Ribbit (D:6)
  A shadow (D:5)
  A wyvern (D:8)
  2 yaks (D:8)
  A steam dragon (D:8)
  2 water moccasins
  An ice beast (D:7)
  2 ogres
  2 black bears
  A phantom (D:5)
  4 bullfrogs
  7 scorpions
  2 killer bees (D:8)
  2 bombardier beetles (D:7)
  A crimson imp (D:6)
  2 hounds
  4 orc priests
  3 jellies
  2 gnoll boudas
  A scorpion zombie (D:3)
  A sleepcap (D:5)
  Natasha (thrice) (D:2)
  4 iguanas
  5 orc wizards
  5 gnolls (D:6)
  9 adders
  A shadow imp (D:5)
  2 white imps
  A dart slug (D:2)
  14 orcs
  5 ball pythons
  5 endoplasms
  3 giant cockroaches (D:2)
  9 goblins
  7 hobgoblins
  7 jackals
  5 quokkas
  A ball python skeleton (D:3)
  5 bats
  8 frilled lizards
  5 kobolds
  4 rats
156 creatures vanquished.

Notes
Turn   | Place    | Note
-------+----------+-------------------------------------------
     0 | D:1      | backslashecho the Coglin Berserker began the quest for the
                  | Orb.
     0 | D:1      | Reached XP level 1. HP: 18/18 MP: 1/1
   166 | D:1      | Noticed an animated gold dragon scales
   168 | D:1      | Found Soqimuug's Armour Shop.
   170 | D:1      | Noticed an animated pearl dragon scales
   182 | D:1      | Reached XP level 2. HP: 24/24 MP: 2/2
   221 | D:1      | Found a faded altar of an unknown god.
   270 | D:1      | Found Veask's Weapon Emporium.
   399 | D:1      | Found Vulike's Armour Emporium.
   566 | D:2      | Reached skill level 1 in Short Blades
   655 | D:2      | Reached XP level 3. HP: 19/29 MP: 3/3
   850 | D:2      | Reached ** piety under Trog
   851 | D:2      | Noticed Natasha
   856 | D:2      | Killed Natasha
   857 | D:2      | Reached XP level 4. HP: 35/35 MP: 4/4
   920 | D:2      | Noticed Natasha
   924 | D:2      | Killed Natasha
   925 | D:2      | Reached skill level 4 in Axes
   989 | D:2      | Noticed Natasha
  1000 | D:2      | Killed Natasha
  1001 | D:2      | Reached XP level 5. HP: 12/41 MP: 5/5
  1940 | D:3      | Reached skill level 5 in Axes
  1949 | D:3      | Reached XP level 6. HP: 39/48 MP: 6/6
  2489 | D:4      | Reached skill level 6 in Axes
  2600 | D:4      | Reached XP level 7. HP: 51/55 MP: 7/7
  2853 | D:4      | Reached skill level 5 in Fighting
  2898 | D:4      | Found a broken altar of Ashenzari.
  3123 | D:4      | Found a sparkling altar of Nemelex Xobeh.
  3290 | D:4      | Found a shimmering blue altar of Sif Muna.
  3291 | D:4      | Found a white marble altar of Elyvilon.
  3506 | D:5      | Entered Level 5 of the Dungeon
  3513 | D:5      | Reached skill level 7 in Axes
  3669 | D:5      | Reached XP level 8. HP: 56/62 MP: 8/8
  4056 | D:5      | Found a runed translucent gate.
  4056 | D:5      | Found a runed translucent gate.
  4056 | D:5      | Found a runed translucent gate.
  4058 | D:5      | Found an opulent altar of Gozag.
  4061 | D:5      | Noticed a shadow
  4061 | D:5      | Noticed backslashecho's ghost (novice CoBe)
  4178 | D:5      | Reached skill level 8 in Axes
  4541 | D:5      | Killed a shadow
  4547 | D:5      | Killed backslashecho's ghost
  4548 | D:5      | Reached skill level 9 in Axes
  4548 | D:5      | Reached XP level 9. HP: 68/68 MP: 9/9
  4919 | D:6      | Noticed Jeremiah
  4920 | D:6      | Reached *** piety under Trog
  4938 | D:6      | Reached skill level 5 in Armour
  4965 | D:6      | Killed Jeremiah
  4966 | D:6      | Reached skill level 10 in Axes
  5241 | D:6      | Reached skill level 1 in Evocations
  5670 | D:6      | Found a burning altar of Makhleb.
  5757 | D:7      | Noticed Prince Ribbit
  5763 | D:6      | Killed Prince Ribbit
  5912 | D:7      | Reached skill level 11 in Axes
  6032 | D:7      | Found a glowing silver altar of Zin.
  6032 | D:7      | Found an opulent altar of Gozag.
  6188 | D:7      | Found a staircase to the Ecumenical Temple.
  6316 | D:7      | Noticed Joseph
  6332 | D:7      | Killed Joseph
  6333 | D:7      | Reached XP level 10. HP: 77/77 MP: 10/10
  6348 | D:7      | Found an iron altar of Okawaru.
  6742 | D:8      | Found a shadowy altar of Dithmenos.
  6964 | D:8      | Noticed a death yak
  6967 | D:8      | Noticed a death yak
  7010 | D:8      | Killed a death yak
  7011 | D:8      | Reached skill level 5 in Evocations
  7016 | D:8      | Reached skill level 12 in Axes
  7019 | D:8      | Killed a death yak
  7036 | D:8      | Slain by a yak

Illustrated notes

Levels and vault maps discovered:
D:1:      dreamdust_arrival_beginning_and_end, layout_rooms,
          hellmonk_ecumenical_altar_zigzags, serial_shops,
          nicolae_shop_mannequins, nicolae_shop_trees, shop
D:2:      layout_basic, serial_bayou_lagoon_a, serial_bayou_pond_e,
          grunt_ministairs_10, dk_noncrumbling_2, uniq_natasha
D:3:      layout_loops_cross, serial_undead, serial_undead_b, serial_undead_e,
          serial_undead_f, serial_undead_f, kennysheep_generic_room_11
D:4:      layout_basic, nemelex_dance_club_becter,
          nicolae_overflow_hidden_temple, gammafunk_temple_overflow_pools
D:5:      layout_gridville, ebering_ghost_gozag, st_stairs_9,
          kennysheep_diamond, hangedman_decor_clover_reticule
D:6:      layout_basic, makhleb_grotto_becter, minmay_misc_feat_rows,
          uniq_jeremiah
D:7:      layout_loops_cross, grunt_temple_overflow_gold_and_silver,
          okawaru_ov_weapons_minmay, minmay_temple_entry_sparse_star,
          uniq_joseph, uniq_prince_ribbit1
D:8:      minmay_the_grid_triangle_9x9_recursive_2
          [minmay_the_grid_triangle_9x9_prize_top_heavy,
          minmay_the_grid_triangle_9x9_windchime,
          minmay_the_grid_triangle_9x9_zippers_horizontal,
          minmay_the_grid_triangle_9x9_flanged_cone], layout_rooms,
          grunt_dithmenos_smoke_and_mirrors, dpeg_lair_monsters,
          hellmonk_ghost_big_iron

Skill      XL: |  1  2  3  4  5  6  7  8  9 10 |
---------------+-------------------------------+-----
Armour         | 2 4 5 |  5.0
Short Blades   | 1 2 |  2.0
Dodging        | 2 |  2.0
Axes           | 4 5 6 7 9 11 12 | 12.3
Fighting       | 4 5 6 7 |  7.3
Evocations     | 4 6 |  6.1

Action                     |  1- 3 |  4- 6 |  7- 9 | 10-12 || total
---------------------------+-------+-------+-------+-------++-------
  Melee: Hand axe          |    35 |       |       |       ||    35
         Dagger            |    44 |   100 |   207 |    72 ||   423
         War axe           |    13 |   109 |   226 |    76 ||   424
 Invoke: Trog's Hand       |     1 |       |     3 |     1 ||     5
         Berserk           |       |       |     6 |     1 ||     7
  Evoke: Wand              |       |       |       |     3 ||     3
    Use: Potion            |       |       |     1 |     1 ||     2
   Stab: Sleeping          |     5 |       |       |       ||     5
 Armour: Animal skin       |    26 |       |       |       ||    26
         Chain mail        |     4 |   104 |   167 |    46 ||   321
  Dodge: Dodged            |    25 |    48 |    87 |    22 ||   182

Table legend: (Time is in decaauts)
 A = Elapsed time spent in this place.
 B = Non-inter-level travel time spent in this place.
 C = Inter-level travel time spent in this place.
 D = Time resting spent in this place.
 E = Time spent auto-exploring this place.
 F = Levels seen in this place.
 G = Mean time per level.
                   A        B        C        D        E       F      G
               +--------+--------+--------+--------+--------+-----+--------+
         Total |   7111 |   6345 |    766 |    780 |   4238 |   8 |  888.9 |
       Dungeon |   7111 |   6345 |    766 |    780 |   4238 |   8 |  888.9 |
               +--------+--------+--------+--------+--------+-----+--------+

Top non-repeatable levels by time:
     D:5: 1494 daAuts
     D:4: 1302 daAuts
     D:2: 1151 daAuts
     D:6: 887 daAuts
     D:3: 766 daAuts
     D:7: 603 daAuts
     D:1: 500 daAuts
     D:8: 404 daAuts
